[Event "Titled Tuesday Blitz August 08 Early 2023"]
[White "Bluebaum, Matthias"]
[Black "Ibarra Jerez, Jose Carlos"]
[WhiteFideId "24651516"]
[BlackFideId "2226332"]
[WhiteElo "3031"]
[BlackElo "2845"]
[Result "0-1"]
[Round "8"]
[TimeControl "180+1"]
[Date "2023.08.08"]
[WhiteClock "0:01:31"]
[BlackClock "0:00:18"]
[Board "14"]

1. d4 a6 2. e4 b5 3. a4 Bb7 4. axb5 axb5 5. Rxa8 Bxa8 6. Bxb5 Bxe4 7. Nf3 e6 8. O-O Nf6 9. Re1 Be7 10. Bg5 Bb7 11. c4 O-O 12. Nc3 d6 13. Ba4 Nbd7 14. Bc2 Re8 15. Qd3 Nf8 16. Ba4 N8d7 17. h3 h6 18. Bh4 Rf8 19. Bc2 Qa8 20. d5 e5 21. b4 Qa3 22. Rb1 Re8 23. Qd1 Qxc3 24. Bd3 Qa3 25. Ra1 Qxb4 26. Rb1 Qa5 27. Rxb7 e4 28. Bxe4 Nxe4 29. Bxe7 Rxe7 30. Nd4 Nec5 31. Nc6 Qe1+ 32. Kh2 Qxd1 33. Nxe7+ Kf8 34. Rxc7 Kxe7 35. Rxd7+ Kxd7 36. g3 Qd4 37. Kg2 Qxc4 38. h4 Qxd5+ 39. Kh2 Qf3 40. h5 Ne4 41. Kh3 Nxf2+ 42. Kh4 Qg4# 0-1


[Site "https://www.chess.com"]

[Event "Titled Tuesday Blitz August 08 Early 2023"]
[White "Paravyan, David"]
[Black "Bharath Subramaniyam H"]
[WhiteFideId "4194985"]
[BlackFideId "46634827"]
[WhiteElo "3026"]
[BlackElo "2834"]
[Result "1-0"]
[Round "8"]
[TimeControl "180+1"]
[Date "2023.08.08"]
[WhiteClock "0:01:19"]
[BlackClock "0:00:05"]
[Board "15"]

1. e4 e5 2. Nf3 Nc6 3. Nc3 Nf6 4. d4 exd4 5. Nxd4 Bb4 6. Nxc6 bxc6 7. Bd3 O-O 8. O-O d5 9. exd5 cxd5 10. h3 c6 11. Bf4 h6 12. Qf3 Bd6 13. Rfe1 Be6 14. b3 Qc7 15. Ne2 Rfe8 16. Qg3 Bxf4 17. Nxf4 Qd6 18. Re3 Bd7 19. Nh5 Qxg3 20. Nxf6+ gxf6 21. Rxg3+ Kf8 22. Rf3 Kg7 23. Rf4 c5 24. Rd1 Re5 25. b4 Rc8 26. bxc5 Rxc5 27. Rb1 Ra5 28. Rb7 Be6 29. a4 Re1+ 30. Kh2 a6 31. Ra7 Ra1 32. Rxa6 Rxa6 33. Bxa6 Bd7 34. Bb5 Bxb5 35. axb5 Rb1 36. Rf5 Rxb5 37. c4 Rb2 38. cxd5 Rb6 39. g4 Kf8 40. Kg3 Ke7 41. Kh4 Kf8 42. Kh5 Kg7 43. Rf3 Rb2 44. Rd3 Kf8 45. d6 Ke8 46. d7+ Kd8 47. f4 f5 48. gxf5 Rb6 49. Rd5 Rf6 50. Kg4 Ra6 51. h4 Rb6 52. f6 Rxf6 53. Rf5 h5+ 54. Kg5 Rxf5+ 55. Kxf5 Kxd7 56. Kf6 Ke8 57. Kg7 Ke7 58. f5 f6 59. Kg6 Ke8 60. Kxf6 Kf8 61. Kg6 Kg8 62. Kxh5 Kf7 63. Kg5 1-0


[Site "https://www.chess.com"]

[Event "Titled Tuesday Blitz August 08 Early 2023"]
[White "Kazakouski, Valery"]
[Black "Rasulov, Vugar"]
[WhiteFideId "13507443"]
[BlackFideId "13402390"]
[WhiteElo "2901"]
[BlackElo "2833"]
[Result "0-1"]
[Round "8"]
[TimeControl "180+1"]
[Date "2023.08.08"]
[WhiteClock "0:00:26"]
[BlackClock "0:01:34"]
[Board "16"]

1. Nf3 Nf6 2. c4 e6 3. g3 d5 4. b3 g6 5. Bb2 Bg7 6. Bg2 O-O 7. O-O c5 8. cxd5 exd5 9. d4 Ne4 10. Qc1 cxd4 11. Bxd4 Bxd4 12. Nxd4 Qf6 13. Qe3 Nc6 14. Rd1 Re8 15. Nc3 Nxc3 16. Qxe8+ Kg7 17. Nxc6 Nxd1 18. Rxd1 bxc6 19. Rc1 Bb7 20. Qd7 Rb8 21. Qc7 Qd8 22. Qxd8 Rxd8 23. e3 Kf6 24. Kf1 Ke5 25. Ke1 Kd6 26. b4 a5 27. a3 axb4 28. axb4 Ra8 29. Rc2 Ra1+ 30. Kd2 Ba6 31. Kc3 Bb5 32. Rb2 f5 33. Bf3 Rc1+ 34. Kd2 Rf1 35. Kc3 g5 36. h3 h6 37. Kd4 Rc1 0-1


[Site "https://www.chess.com"]

[Event "Titled Tuesday Blitz August 08 Early 2023"]
[White "Vokhidov, Shamsiddin"]
[Black "Mitrabha, Guha"]
[WhiteFideId "14204223"]
[BlackFideId "5057000"]
[WhiteElo "2899"]
[BlackElo "2822"]
[Result "0-1"]
[Round "8"]
[TimeControl "180+1"]
[Date "2023.08.08"]
[WhiteClock "0:00:23"]
[BlackClock "0:00:13"]
[Board "17"]

1. e4 c6 2. d4 d5 3. Nc3 dxe4 4. Nxe4 Nf6 5. Nxf6+ gxf6 6. c3 h5 7. Nf3 h4 8. Be3 Nd7 9. Qd2 Nb6 10. O-O-O Qd5 11. Kb1 h3 12. Rg1 Be6 13. b3 Bf5+ 14. Ka1 Bg4 15. c4 Qh5 16. d5 O-O-O 17. Qa5 hxg2 18. Bxg2 Bxf3 19. Bxf3 Qxf3 20. Qxa7 Nxd5 21. Qa8+ Kc7 22. Bb6+ Kxb6 23. Qxd8+ Ka6 24. cxd5 f5 25. Qa8+ Kb6 26. Qa4 Qe4 27. Qxe4 fxe4 28. dxc6 bxc6 29. Rg2 Bh6 30. h4 Bf4 31. Rh1 Kc5 32. Rg7 Be5+ 0-1


[Site "https://www.chess.com"]

[Event "Titled Tuesday Blitz August 08 Early 2023"]
[White "Yaran, Siar"]
[Black "Galchenko, Matvey"]
[WhiteFideId "6323006"]
[BlackFideId "24175480"]
[WhiteElo "2698"]
[BlackElo "2887"]
[Result "1-0"]
[Round "8"]
[TimeControl "180+1"]
[Date "2023.08.08"]
[WhiteClock "0:00:07"]
[BlackClock "0:00:00"]
[Board "18"]

1. e4 e6 2. d4 d5 3. exd5 exd5 4. Bf4 Nf6 5. Qd2 Ne4 6. Qe3 Be7 7. Nd2 Nxd2 8. Qxd2 O-O 9. O-O-O Nd7 10. h4 a5 11. h5 Nb6 12. Kb1 Nc4 13. Qc1 Bf5 14. f3 Qd7 15. g4 Be6 16. Bd3 a4 17. a3 Ra6 18. Ka1 Rb6 19. Bxc4 dxc4 20. Ne2 Bd5 21. Rhf1 c6 22. Nc3 Ra6 23. h6 g6 24. Bg5 f6 25. Bf4 b5 26. Nxd5 cxd5 27. c3 Rfa8 28. Rfe1 b4 29. Qe3 Bf8 30. cxb4 Kf7 31. Qe2 Bxb4 32. axb4 a3 33. b3 cxb3 34. Rd3 b2+ 35. Ka2 Qc6 36. Rb3 Qd7 37. b5 Rb6 38. Qc2 g5 39. Bc7 Kg8 40. Bxb6 1-0


[Site "https://www.chess.com"]

[Event "Titled Tuesday Blitz August 08 Early 2023"]
[White "Isanzhulov, Arystan"]
[Black "Timerkhanov, Alexander"]
[WhiteFideId "13711644"]
[BlackFideId "24177938"]
[WhiteElo "2876"]
[BlackElo "2679"]
[Result "1-0"]
[Round "8"]
[TimeControl "180+1"]
[Date "2023.08.08"]
[WhiteClock "0:00:11"]
[BlackClock "0:00:00"]
[Board "19"]

1. e4 c5 2. Nf3 a6 3. g3 b5 4. Bg2 Bb7 5. O-O d6 6. d4 cxd4 7. Nxd4 e6 8. a4 bxa4 9. Rxa4 Nf6 10. Nc3 Qc7 11. Rb4 d5 12. Rxb7 Qxb7 13. exd5 exd5 14. Re1+ Kd8 15. Bg5 Be7 16. Bxf6 Bxf6 17. Bxd5 Qd7 18. Bxa8 Bxd4 19. Qf3 Re8 20. Rd1 Re6 21. Bd5 Rf6 22. Qe4 Bxc3 23. bxc3 Kc7 24. Qc4+ Nc6 25. Bf3 Qf5 26. Rd3 g5 27. g4 Qb5 28. Qe4 Ne5 29. Rd5 Nxf3+ 30. Kg2 Nh4+ 31. Kg3 Qc6 32. Qe7+ Kb6 33. Qd8+ Qc7+ 34. Qxc7+ Kxc7 35. Rxg5 Ng6 36. h4 Rc6 37. h5 Rxc3+ 38. f3 Ne7 39. Rg7 Kd6 40. Rxf7 a5 41. Rxh7 a4 42. Rh6+ Ke5 43. Ra6 a3 44. h6 Rxc2 45. h7 Rc8 46. f4+ Kd5 47. Rxa3 Rh8 48. Ra5+ Kd6 49. Rh5 Ke6 50. f5+ Kf6 51. Kf4 Kg7 52. g5 Kf7 53. Rh6 Nd5+ 54. Ke5 Ne7 55. Rh1 Nc6+ 56. Kf4 Ne7 57. Kg4 Kg7 58. f6+ Kf7 59. fxe7 Kxe7 60. Kf5 Kf7 61. g6+ Kg7 62. Rh2 Rf8+ 63. Kg5 Ra8 64. h8=Q+ Rxh8 65. Rxh8 Kxh8 66. Kh6 Kg8 67. g7 Kf7 68. Kh7 Kf6 69. g8=Q 1-0


[Site "https://www.chess.com"]

[Event "Titled Tuesday Blitz August 08 Early 2023"]
[White "Sarana, Alexey"]
[Black "Timmermans, Mark"]
[WhiteFideId "24133795"]
[BlackFideId "1026399"]
[WhiteElo "3073"]
[BlackElo "2726"]
[Result "1-0"]
[Round "8"]
[TimeControl "180+1"]
[Date "2023.08.08"]
[WhiteClock "0:01:52"]
[BlackClock "0:00:43"]
[Board "20"]

1. e4 e5 2. Nf3 Nc6 3. Bc4 Nf6 4. d3 Be7 5. c3 O-O 6. O-O d5 7. exd5 Nxd5 8. a4 Bg4 9. h3 Bh5 10. Re1 Nb6 11. Ba2 Bd6 12. Qe2 a5 13. Bb3 h6 14. Nbd2 Kh8 15. Ne4 f5 16. Ng3 Bg6 17. Bd2 Qf6 18. Rad1 Rae8 19. Bc1 e4 20. dxe4 fxe4 21. Nh2 Bxg3 22. fxg3 Ne5 23. Rf1 Qc6 24. Rxf8+ Rxf8 25. Ng4 Nd3 26. Qe3 Nxa4 27. Rxd3 exd3 28. Ne5 Qf6 29. Bxa4 Bh7 30. Bb3 b5 31. Kh2 a4 32. Bd5 1-0


[Site "https://www.chess.com"]

[Event "Titled Tuesday Blitz August 08 Early 2023"]
[White "Shimanov, Aleksandr"]
[Black "Csonka, Balazs"]
[WhiteFideId "4198603"]
[BlackFideId "742910"]
[WhiteElo "2919"]
[BlackElo "2725"]
[Result "1-0"]
[Round "8"]
[TimeControl "180+1"]
[Date "2023.08.08"]
[WhiteClock "0:00:47"]
[BlackClock "0:00:06"]
[Board "21"]

1. e4 e6 2. d4 d5 3. Nc3 Nf6 4. Bg5 h6 5. Bxf6 Qxf6 6. a3 c6 7. Nf3 g6 8. Bd3 Bg7 9. h4 Nd7 10. Qe2 O-O 11. g4 Qf4 12. Rg1 e5 13. Qe3 Qxe3+ 14. fxe3 exd4 15. exd4 dxe4 16. Nxe4 Nf6 17. Nxf6+ Bxf6 18. O-O-O Be6 19. g5 hxg5 20. hxg5 Bg7 21. c3 Rfe8 22. Rdf1 Rad8 23. Bc2 Bd5 24. Nh2 Be6 25. Ng4 Bxg4 26. Rxg4 Re7 27. Bb3 Rdd7 28. Rgf4 Kf8 29. Kc2 Rc7 30. Bc4 Kg8 31. b4 Kf8 32. a4 b6 33. Kb3 Ke8 34. R1f3 Kf8 35. b5 c5 36. dxc5 bxc5 37. a5 Be5 38. Re4 Bd6 39. Rxe7 Rxe7 40. Bd5 Bc7 41. Ka4 Be5 42. b6 axb6 43. axb6 Rd7 44. c4 Kg7 45. Kb5 f5 46. gxf6+ Bxf6 47. b7 Be5 48. Re3 Bf4 49. Re8 1-0


[Site "https://www.chess.com"]

[Event "Titled Tuesday Blitz August 08 Early 2023"]
[White "Zhigalko, Sergei"]
[Black "Volkov, Maksim"]
[WhiteFideId "13502956"]
[BlackFideId "54123070"]
[WhiteElo "2912"]
[BlackElo "2725"]
[Result "1-0"]
[Round "8"]
[TimeControl "180+1"]
[Date "2023.08.08"]
[WhiteClock "0:00:28"]
[BlackClock "0:00:25"]
[Board "22"]

1. e4 e6 2. d4 d5 3. e5 c5 4. c3 Qb6 5. Nf3 Nc6 6. Bd3 Bd7 7. dxc5 Bxc5 8. O-O a5 9. Nbd2 a4 10. b4 axb3 11. Nxb3 Be7 12. Re1 Nh6 13. Rb1 Rxa2 14. Nbd4 Qa7 15. Be3 Qa8 16. Bxh6 gxh6 17. Qc1 Bf8 18. Nb5 Qa5 19. Qf4 Na7 20. Nd6+ Bxd6 21. exd6 Qc5 22. Ne5 Rf8 23. Rxb7 Qxc3 24. Rc1 Ra1 25. Rb8+ Nc8 26. Rxc8+ Bxc8 27. Bb5+ 1-0


[Site "https://www.chess.com"]

[Event "Titled Tuesday Blitz August 08 Early 2023"]
[White "Zemlyanskii, Ivan"]
[Black "Yanchenko, Roman"]
[WhiteFideId "24249971"]
[BlackFideId "4137329"]
[WhiteElo "2906"]
[BlackElo "2725"]
[Result "1-0"]
[Round "8"]
[TimeControl "180+1"]
[Date "2023.08.08"]
[WhiteClock "0:00:04"]
[BlackClock "0:00:28"]
[Board "23"]

1. d4 d5 2. Bf4 Nf6 3. e3 Bf5 4. c4 c6 5. Nc3 e6 6. Qb3 Qb6 7. c5 Qxb3 8. axb3 Be7 9. b4 O-O 10. b5 cxb5 11. Bxb5 Nc6 12. Bxc6 bxc6 13. Ra6 Rfc8 14. Nf3 Nh5 15. Ne5 Nxf4 16. exf4 Bf6 17. Rxc6 Rcb8 18. O-O Rxb2 19. Rc1 g5 20. fxg5 Bxg5 21. Ra1 a5 22. Rb6 Rc2 23. Nb5 a4 24. c6 f6 25. c7 Rc8 26. Nc6 Kf7 27. g3 Kg7 28. Nd6 Rxc7 29. Ne8+ Kf7 30. Nxc7 a3 31. Nb5 a2 32. Ra6 Bd3 33. Nd6+ Kg6 34. Nb4 Rb2 35. Nxd3 Rb1+ 36. Kg2 Rxa1 37. f4 Rd1 38. Rxa2 Rxd3 39. fxg5 Kxg5 40. Re2 Rxd4 41. Rxe6 Rd2+ 42. Kh3 h5 43. Re7 h4 44. Rg7+ Kh6 45. Nf5+ Kh5 46. g4# 1-0


[Site "https://www.chess.com"]

[Event "Titled Tuesday Blitz August 08 Early 2023"]
[White "Akobian, Varuzhan"]
[Black "Khubukshanov, Erdem"]
[WhiteFideId "13300580"]
[BlackFideId "54114527"]
[WhiteElo "2722"]
[BlackElo "2844"]
[Result "0-1"]
[Round "8"]
[TimeControl "180+1"]
[Date "2023.08.08"]
[WhiteClock "0:00:01"]
[BlackClock "0:00:26"]
[Board "24"]

1. d4 Nf6 2. c4 e6 3. Nf3 Bb4+ 4. Bd2 Be7 5. Nc3 d5 6. cxd5 exd5 7. Bg5 c6 8. Qc2 g6 9. e3 Bf5 10. Bd3 Bxd3 11. Qxd3 Nbd7 12. h3 O-O 13. O-O Re8 14. Rab1 Ne4 15. Bxe7 Qxe7 16. Rfc1 Nd6 17. Nd2 Nf6 18. b4 a6 19. a4 b5 20. Nb3 Nd7 21. a5 Nc4 22. Nd2 Rab8 23. Rb3 Nf6 24. Ne2 Nh5 25. Nf3 Qd6 26. Rcc3 Re7 27. Qd1 Rbe8 28. Nc1 Nf6 29. Nd3 Ne4 30. Rc2 h5 31. Nc5 Ra8 32. Nxe4 Rxe4 33. Nd2 Re6 34. Nf3 Rae8 35. Qc1 Qe7 36. Ne5 Kg7 37. Nd3 Rf6 38. Nc5 Ra8 39. Re2 Nd6 40. Rc3 Nf5 41. Qc2 Rd6 42. Nd3 Re6 43. Rd2 Rc8 44. Rd1 g5 45. Nc5 Rf6 46. Nxa6 g4 47. hxg4 hxg4 48. Nc5 Rh8 49. Kf1 Nxe3+ 50. Rxe3 Qxe3 51. Nd7 Rh1# 0-1


[Site "https://www.chess.com"]

[Event "Titled Tuesday Blitz August 08 Early 2023"]
[White "Morefield, Jason"]
[Black "Kushko, Dmitriy"]
[WhiteFideId "30920825"]
[BlackFideId "14162261"]
[WhiteElo "2701"]
[BlackElo "2839"]
[Result "0-1"]
[Round "8"]
[TimeControl "180+1"]
[Date "2023.08.08"]
[WhiteClock "0:00:01"]
[BlackClock "0:00:03"]
[Board "25"]

1. e4 g6 2. d4 Bg7 3. Nc3 d6 4. Be3 a6 5. h3 b5 6. Bd3 Nd7 7. f4 c5 8. dxc5 Nxc5 9. Nf3 Bb7 10. Bxc5 dxc5 11. e5 Nh6 12. Qe2 Nf5 13. O-O-O Qb6 14. Qf2 Nd4 15. Be4 O-O-O 16. Bxb7+ Kxb7 17. Nxd4 cxd4 18. Ne2 f6 19. Nxd4 fxe5 20. Qf3+ Kc7 21. Nb3 Qc6 22. Qe3 Qb6 23. Nc5 h5 24. Rhe1 Rd6 25. Rxd6 Qxd6 26. Kb1 exf4 27. Ne6+ Kb8 28. Qe4 Bf6 29. c3 Rc8 30. a4 Rc4 31. Qf3 g5 32. Qxh5 Rc8 33. Qg6 bxa4 34. Qe4 a3 35. Qa4 axb2 36. Re2 Bxc3 37. Rc2 Qd1+ 38. Ka2 b1=Q+ 39. Ka3 Qa1+ 0-1


[Site "https://www.chess.com"]

[Event "Titled Tuesday Blitz August 08 Early 2023"]
[White "Salinas Herrera, Pablo"]
[Black "Korchmar, Vasiliy"]
[WhiteFideId "3407128"]
[BlackFideId "24131750"]
[WhiteElo "2828"]
[BlackElo "2701"]
[Result "0-1"]
[Round "8"]
[TimeControl "180+1"]
[Date "2023.08.08"]
[WhiteClock "0:01:28"]
[BlackClock "0:01:11"]
[Board "26"]

1. d4 d5 2. Bf4 Nf6 3. e3 c5 4. Nf3 Nc6 5. Nbd2 cxd4 6. exd4 Qb6 7. Nb3 Bf5 8. c3 e6 9. Be2 Be7 10. O-O O-O 11. Re1 Rac8 12. a4 a6 13. a5 Qd8 14. h3 Re8 15. Bf1 h6 16. Nfd2 Nd7 17. Qf3 Bg6 18. Qg3 Bh4 19. Qg4 e5 20. dxe5 Ndxe5 21. Qd1 Qf6 22. Be3 Nd3 23. Bxd3 Bxd3 24. Nf3 Be4 25. Nxh4 Qxh4 26. Nc5 Ne5 27. b3 Rc6 28. f4 Nf3+ 29. Kf1 Nxe1 30. Qxe1 Qh5 31. b4 Rg6 32. Ra2 Bxg2+ 33. Rxg2 Qxh3 0-1


[Site "https://www.chess.com"]

[Event "Titled Tuesday Blitz August 08 Early 2023"]
[White "Skliarov, Viktor"]
[Black "Pakleza, Zbigniew"]
[WhiteFideId "14106736"]
[BlackFideId "1119290"]
[WhiteElo "2701"]
[BlackElo "2827"]
[Result "0-1"]
[Round "8"]
[TimeControl "180+1"]
[Date "2023.08.08"]
[WhiteClock "0:00:00"]
[BlackClock "0:00:04"]
[Board "27"]

1. e4 d6 2. d4 Nf6 3. Nc3 c6 4. f3 Qb6 5. Nge2 e5 6. Be3 Nbd7 7. Qd2 Qxb2 8. Rb1 Qa3 9. g4 h5 10. g5 Ng8 11. f4 Qa5 12. fxe5 dxe5 13. Ng3 h4 14. Nf5 g6 15. Nh6 Nxh6 16. gxh6 exd4 17. Qxd4 f6 18. Bc4 Bc5 19. Qd2 Ne5 20. Be2 Bxe3 21. Qxe3 g5 22. O-O Rxh6 23. Kh1 b6 24. Nb5 Ke7 25. Nd4 Bd7 26. Nf5+ Bxf5 27. Rxf5 Rd8 28. Rbf1 Qc5 29. Qb3 h3 30. Bg4 Qd4 31. Rxf6 Qxe4+ 32. R6f3 Nxf3 33. Bxf3 Qe5 34. Qb4+ Qc5 35. Re1+ Kd6 36. Qd2+ Kc7 37. Qe2 Rhd6 38. Qe7+ R8d7 39. Qf8 Rd2 40. Re8 Qxf8 41. Rxf8 Rd1+ 0-1


[Site "https://www.chess.com"]

[Event "Titled Tuesday Blitz August 08 Early 2023"]
[White "Sokolovsky, Yahli"]
[Black "Fantastic_Power"]
[WhiteFideId "2820242"]
[WhiteElo "2685"]
[BlackElo "2811"]
[Result "1-0"]
[Round "8"]
[TimeControl "180+1"]
[Date "2023.08.08"]
[WhiteClock "0:00:25"]
[BlackClock "0:00:03"]
[Board "28"]

1. b3 c5 2. Bb2 Nc6 3. e3 d6 4. Nf3 e5 5. d4 cxd4 6. exd4 e4 7. Nfd2 d5 8. c4 Nf6 9. Nc3 Nxd4 10. Nxd5 Bc5 11. b4 Bb6 12. Nxf6+ Qxf6 13. c5 Bc7 14. Nxe4 Nf3+ 15. Qxf3 Qxb2 16. Bb5+ Ke7 17. O-O Qxb4 18. Rab1 Qd4 19. Rfe1 Be6 20. Rbd1 Qe5 21. Ng3 Qxc5 22. Rd7+ Kf8 23. Rxe6 Qc1+ 24. Bf1 f6 25. Rxf6+ gxf6 26. Qxf6+ Ke8 27. Qe7# 1-0


[Site "https://www.chess.com"]

[Event "Titled Tuesday Blitz August 08 Early 2023"]
[White "Fus, Jakub"]
[Black "Klukin, Kirill"]
[WhiteFideId "1193023"]
[BlackFideId "24199273"]
[WhiteElo "2675"]
[BlackElo "2806"]
[Result "1-0"]
[Round "8"]
[TimeControl "180+1"]
[Date "2023.08.08"]
[WhiteClock "0:01:10"]
[BlackClock "0:00:19"]
[Board "29"]

1. d4 f5 2. Bg5 Nf6 3. Bxf6 exf6 4. e3 d5 5. c4 c6 6. Nc3 Bb4 7. Qb3 Bxc3+ 8. bxc3 dxc4 9. Bxc4 Qe7 10. Ne2 Nd7 11. Nf4 Nb6 12. Be2 Qf7 13. c4 O-O 14. c5 Nd5 15. Bc4 Rd8 16. O-O g5 17. Nxd5 cxd5 18. Bd3 Be6 19. Rab1 Rab8 20. Qa4 b6 21. cxb6 axb6 22. Rfc1 Rb7 23. Qc6 Ra7 24. Rxb6 Rxa2 25. Qxe6 Qxe6 26. Rxe6 Kf7 27. Bxf5 Rc8 28. Rxf6+ 1-0


[Site "https://www.chess.com"]

[Event "Titled Tuesday Blitz August 08 Early 2023"]
[White "Ashraf, Artin"]
[Black "Weetik, Vjacheslav"]
[WhiteFideId "22514805"]
[BlackFideId "4153472"]
[WhiteElo "2806"]
[BlackElo "2665"]
[Result "1-0"]
[Round "8"]
[TimeControl "180+1"]
[Date "2023.08.08"]
[WhiteClock "0:00:06"]
[BlackClock "0:00:00"]
[Board "30"]

1. e4 c6 2. Nc3 d5 3. Qe2 dxe4 4. Nxe4 Bf5 5. Nf3 e6 6. d3 c5 7. Be3 Nc6 8. g3 Nf6 9. Nxf6+ Qxf6 10. Bg2 h6 11. O-O Be7 12. Bf4 O-O 13. Ne5 Nd4 14. Qd1 Rad8 15. Nc4 b5 16. Be5 Qg6 17. Ne3 c4 18. c3 Bxd3 19. Bxd4 Bxf1 20. Qxf1 a6 21. a4 Bf6 22. Bc5 Rfe8 23. Bc6 Bg5 24. axb5 axb5 25. Bxb5 Bxe3 26. Bxe3 Re7 27. Bxc4 Rb7 28. Rd1 Rxd1 29. Qxd1 Rxb2 30. Qd8+ Kh7 31. Bd3 f5 32. Qd6 Qh5 33. Qxe6 Qd1+ 34. Bf1 Rb1 35. Qxf5+ Kh8 36. Qc8+ Kh7 37. Qc4 Ra1 38. h4 Qf3 39. Qd3+ Kh8 40. Qd8+ Kh7 41. Qd3+ Kh8 42. c4 Rd1 43. Qc2 Re1 44. c5 1-0


[Site "https://www.chess.com"]

[Event "Titled Tuesday Blitz August 08 Early 2023"]
[White "Bauman_Guy"]
[Black "Tarhan, Adar"]
[BlackFideId "34544712"]
[WhiteElo "2803"]
[BlackElo "2657"]
[Result "0-1"]
[Round "8"]
[TimeControl "180+1"]
[Date "2023.08.08"]
[WhiteClock "0:00:07"]
[BlackClock "0:00:04"]
[Board "31"]

1. e4 c6 2. d4 d5 3. e5 Bf5 4. h4 h5 5. Bd3 Bxd3 6. Qxd3 e6 7. Nf3 Qa5+ 8. Nbd2 Nh6 9. O-O Nf5 10. a4 Qa6 11. c4 Bb4 12. b3 Nd7 13. Rd1 O-O 14. Nf1 Nb6 15. a5 dxc4 16. bxc4 Rfd8 17. c5 Qxd3 18. Rxd3 Nd5 19. Rb3 b6 20. axb6 axb6 21. Rxa8 Rxa8 22. cxb6 Rb8 23. Ne3 Rxb6 24. Nc4 Ra6 25. Rb1 Ra2 26. g3 Rc2 27. Ncd2 c5 28. dxc5 Bxc5 29. Ne4 Bb6 30. Kg2 Kh7 31. Bd2 Kg6 32. Kh3 Nd4 33. Nfg5 Nc6 34. f4 Nce7 35. g4 hxg4+ 36. Kxg4 f5+ 37. exf6 gxf6 38. h5+ Kh6 39. Rb5 f5+ 40. Kf3 fxe4+ 41. Nxe4 Nf5 42. Ba5 Nd4+ 43. Kg4 Nxb5 44. Bd2 Nd4 45. f5+ Rxd2 46. Nxd2 exf5+ 47. Kg3 Kxh5 48. Nf1 Kg5 49. Kf2 Ne6+ 50. Ke2 Nef4+ 51. Kf3 Ng6 52. Ng3 Ne5+ 53. Ke2 Kg4 54. Nxf5 Kxf5 55. Kd2 Ke4 56. Kc2 Bd4 57. Kb3 Kd3 58. Ka4 Kc4 59. Ka3 Nb6 60. Ka2 Nd3 61. Ka3 Kc3 62. Ka2 Kb4 63. Kb1 Kc4 64. Kc2 Nd5 65. Kd2 Nc3 66. Kc2 Nb4+ 67. Kd2 Bf2 68. Kc1 Be3+ 69. Kb2 Na4+ 70. Ka3 Nc5 71. Kb2 Ncd3+ 72. Kb1 Kb3 73. Ka1 Nc2+ 74. Kb1 Na3+ 0-1


[Site "https://www.chess.com"]

[Event "Titled Tuesday Blitz August 08 Early 2023"]
[White "Mayank Chakraborty"]
[Black "Iskusnyh, Sergei"]
[WhiteFideId "25659766"]
[BlackFideId "4120027"]
[WhiteElo "2802"]
[BlackElo "2653"]
[Result "1-0"]
[Round "8"]
[TimeControl "180+1"]
[Date "2023.08.08"]
[WhiteClock "0:00:06"]
[BlackClock "0:00:00"]
[Board "32"]

1. Nf3 d5 2. e3 Nf6 3. b3 Bf5 4. Bb2 e6 5. c4 h6 6. Nc3 c6 7. d4 Be7 8. Bd3 Bxd3 9. Qxd3 Nbd7 10. O-O O-O 11. e4 dxe4 12. Nxe4 Nxe4 13. Qxe4 a5 14. Rfd1 Nf6 15. Qe2 a4 16. Ne5 Qa5 17. h3 Rfd8 18. Rd3 Nd7 19. Ng4 Nf6 20. b4 Qf5 21. Rf3 Qh7 22. Rg3 Nxg4 23. Rxg4 a3 24. Bc3 Bf8 25. Rd1 b5 26. c5 Rd5 27. Rd3 Rad8 28. Re3 Qb1+ 29. Kh2 Qc1 30. f4 Qb1 31. Rgg3 Be7 32. Rgf3 Bf6 33. Re5 Rxd4 34. Bxd4 Rxd4 35. Ree3 Qxb4 36. Rxa3 Rxf4 37. Ra8+ Kh7 38. Qd3+ g6 39. a3 Rxf3 40. Qxf3 Qd4 41. Rf8 Kg7 42. Rc8 Be5+ 43. g3 h5 44. Kg2 Qxc5 45. Rxc6 Qd4 46. Rc2 h4 47. gxh4 Qxh4 48. Qg4 Qd8 49. Re2 Bf6 50. Qe4 Qd6 51. Qf3 Qd4 52. Re4 Qb2+ 53. Re2 Qd4 54. Rf2 Qe5 55. Qf4 Qxf4 56. Rxf4 Be7 57. Rf3 f5 58. Rb3 Kf6 59. Kf3 g5 60. Kg2 f4 61. Kf3 Bd6 62. Ke4 Be7 63. Rxb5 Bxa3 64. Rb7 Bd6 65. Ra7 Bc5 66. Ra5 Bd6 67. Rb5 Be7 68. Rb8 Bd6 69. Rc8 Be7 70. Rc7 Bd6 71. Rd7 Be7 72. Rb7 Bd6 73. Rh7 Kg6 74. Rd7 Bc5 75. Rc7 1-0


[Site "https://www.chess.com"]

[Event "Titled Tuesday Blitz August 08 Early 2023"]
[White "Pham, Le Thao Nguyen"]
[Black "Christiansen, Johan-Sebastian"]
[WhiteFideId "12401226"]
[BlackFideId "1512668"]
[WhiteElo "2644"]
[BlackElo "2801"]
[Result "1-0"]
[Round "8"]
[TimeControl "180+1"]
[Date "2023.08.08"]
[WhiteClock "0:00:07"]
[BlackClock "0:00:23"]
[Board "33"]

1. d4 d5 2. c4 dxc4 3. Nf3 Nf6 4. e3 b5 5. a4 b4 6. Bxc4 e6 7. O-O Be7 8. Nbd2 Bb7 9. a5 a6 10. Qe2 O-O 11. Nb3 Nbd7 12. Rd1 c5 13. dxc5 Qc7 14. Bd2 Ng4 15. e4 Nxc5 16. h3 Nf6 17. Bxb4 Nfxe4 18. Nxc5 Bxc5 19. Bxc5 Qxc5 20. Rdc1 Rfc8 21. Rc2 Nf6 22. Bd3 Qd5 23. Ne1 Rxc2 24. Qxc2 h5 25. Qc4 Qe5 26. Qc3 Qg5 27. Qc1 Qd5 28. Qc7 Qd6 29. Qxd6 Ne8 30. Qb6 Bd5 31. Rc1 Nf6 32. Bxa6 Nd7 33. Qd6 Nf6 34. b4 g6 35. Rc8+ Rxc8 36. Bxc8 Kg7 37. a6 Ne4 38. Qe5+ f6 39. Qc7+ Kh6 40. a7 Nd2 41. Bb7 1-0


[Site "https://www.chess.com"]

[Event "Titled Tuesday Blitz August 08 Early 2023"]
[White "Erzhanov, Arman"]
[Black "Krzyzanowski, Marcin"]
[WhiteFideId "4138821"]
[BlackFideId "1132199"]
[WhiteElo "2638"]
[BlackElo "2796"]
[Result "0-1"]
[Round "8"]
[TimeControl "180+1"]
[Date "2023.08.08"]
[WhiteClock "0:00:26"]
[BlackClock "0:00:08"]
[Board "34"]

1. e4 c5 2. Nf3 d6 3. d4 cxd4 4. Qxd4 a6 5. Be2 Nc6 6. Qe3 g6 7. h3 Bg7 8. O-O Nf6 9. Rd1 Nd7 10. c4 O-O 11. Nc3 Nc5 12. b3 Nxe4 13. Qxe4 Bxc3 14. Bh6 Bg7 15. Qh4 e5 16. Ng5 f6 17. Ne4 Nd4 18. Bd3 Bxh6 19. Qxh6 Qe7 20. Nc3 Be6 21. Be4 Rac8 22. Bd5 b5 23. Rd3 bxc4 24. bxc4 Rc5 25. Rb1 Bxd5 26. Nxd5 Qa7 27. Rg3 Ne2+ 28. Kh2 Nxg3 29. fxg3 Rxc4 30. h4 Rc5 31. Rd1 Qg7 32. Qd2 Rf7 33. Rb1 h5 34. Rb8+ Kh7 35. Nc3 Rb7 36. Rd8 Rd7 37. Ra8 d5 38. Rxa6 f5 39. Ne2 d4 40. Ng1 e4 41. Nh3 f4 42. Qxf4 d3 43. Ng5+ Rxg5 44. Qxg5 d2 45. g4 d1=Q 46. gxh5 Qxh5 47. Qxh5+ gxh5 0-1


[Site "https://www.chess.com"]

[Event "Titled Tuesday Blitz August 08 Early 2023"]
[White "Rahman, Masruri"]
[Black "Thecourseoisildur"]
[WhiteFideId "7101163"]
[WhiteElo "2784"]
[BlackElo "2607"]
[Result "1-0"]
[Round "8"]
[TimeControl "180+1"]
[Date "2023.08.08"]
[WhiteClock "0:00:48"]
[BlackClock "0:00:00"]
[Board "35"]

1. d4 Nf6 2. Bf4 c5 3. e3 Qb6 4. Nc3 d6 5. Rb1 g6 6. Nf3 Bg7 7. Be2 O-O 8. O-O Nbd7 9. h3 a6 10. a4 Qa7 11. d5 b6 12. e4 Bb7 13. Qd2 Rfd8 14. Bh6 Bh8 15. Rfe1 Ne8 16. Bg5 Ndf6 17. Bc4 Nc7 18. Qf4 Rab8 19. Rbd1 b5 20. Ba2 c4 21. Qh4 Qc5 22. axb5 Nxb5 23. Nxb5 axb5 24. Be3 Qb4 25. Bd4 Ra8 26. Bb1 Ra1 27. Bc3 Qa4 28. b3 cxb3 29. cxb3 Qa3 30. Bxa1 Qxa1 31. e5 dxe5 32. Bxg6 Qc3 33. Re3 Qc5 34. Bxf7+ Kxf7 35. Nxe5+ Ke8 36. Rde1 Qxd5 37. Nf3 Rd7 38. Qb4 Ng8 39. Qg4 Nf6 40. Qf4 Kf8 41. Rc1 Qf7 42. Ne5 1-0


[Site "https://www.chess.com"]